Map: Deathaura LE

Players

RagnaroK (SHIN)

  • Race: Zerg Zerg
  • Spawn Location: 11:00

Rogue - Winner!

  • Race: Zerg Zerg
  • Spawn Location: 5:00

Event: IEM Katowice 2021

VOD

Have the link to the VOD?

Description

Time

  • Played on: Feb. 25, 2021, 12:13 p.m.
  • Length: 5:43

All games in this series

Show
View Real Time Build Order
Export as new Build Order

RagnaroK Zerg 

Build Orders: Hatch First 

Get SALT Encoding   

  12  0:00  Drone  
  13  0:12  Overlord  
  13  0:16  Drone  
  14  0:30  Drone x2  
  16  0:47  Hatchery  
  15  0:50  Drone  
  15  0:54  Drone  
  17  0:58  Drone  
  18  1:09  Extractor  
  17  1:13  Spawning Pool  
  17  1:15  Drone  
  17  1:19  Drone  
  18  1:28  Drone  
  19  1:39  Drone  
  20  1:49  Drone  
  21  2:00  Zergling x2, Queen x2  
  26  2:01  Overlord  
  26  2:08  Metabolic Boost  
  26  2:11  Drone  
  26  2:14  Drone  
  28  2:23  Drone x2  
  30  2:32  Overlord  
  30  2:34  Baneling Nest, Drone  
  30  2:45  Zergling x2  
  30  2:46  Zergling x2  
  32  2:55  Zergling x4  
  34  3:04  Overlord  
  34  3:07  Zergling x2  
  34  3:08  Zergling x12  
  41  3:17  Baneling x2  
  41  3:18  Zergling x4  
  43  3:27  Zergling x2  
  43  3:30  Hatchery  
  43  3:32  Zergling x2  
  44  3:38  Zergling x2  
  44  3:39  Drone  
  44  3:40  Drone x4  
  50  3:42  Baneling x2  
  50  3:43  Baneling x2  
  50  3:51  Drone x2  
  51  3:56  Overlord, Drone  
  51  4:03  Overlord  
  51  4:05  Drone  
  50  4:12  Drone  
  50  4:13  Drone  
  50  4:14  Evolution Chamber, Drone  
  49  4:19  Drone x2  
  49  4:20  Drone x2  
  48  4:24  Drone  
  48  4:26  Drone  
  48  4:30  Queen  
  52  4:31  Drone  
  52  4:37  Extractor  
  51  4:46  Drone x5  
  51  4:48  Drone x2  
  59  4:52  Drone  
  59  4:53  Drone  
  59  4:59  Roach Warren  
  58  5:02  Zergling x6  
  58  5:07  Zergling x6  
  63  5:16  Extractor  
  63  5:17  Zergling x10, Extractor  
  63  5:21  Drone x2  
  68  5:22  Overlord  
Show
View Real Time Build Order
Export as new Build Order

Rogue Zerg - Winner!

Build Orders: Hatch First, Roach Nydus 

Get SALT Encoding   

  12  0:00  Drone  
  13  0:12  Overlord  
  13  0:16  Drone  
  14  0:31  Drone x2  
  16  0:47  Hatchery  
  15  0:50  Drone  
  15  0:54  Drone  
  17  0:57  Drone  
  18  1:08  Extractor  
  17  1:12  Spawning Pool  
  17  1:15  Drone  
  18  1:18  Drone  
  18  1:28  Drone  
  19  1:39  Drone  
  20  1:50  Drone  
  21  1:59  Queen x2  
  21  2:00  Overlord, Drone  
  26  2:10  Drone  
  26  2:11  Drone  
  28  2:21  Drone  
  28  2:22  Drone  
  30  2:32  Hatchery  
  30  2:35  Zergling x4  
  31  2:43  Drone  
  31  2:44  Drone  
  33  2:53  Overlord  
  33  2:55  Drone  
  34  3:06  Queen  
  37  3:12  Drone  
  37  3:13  Evolution Chamber, Drone x7  
  43  3:21  Roach Warren  
  43  3:24  Overlord  
  43  3:25  Drone  
  43  3:30  Lair  
  43  3:36  Drone  
  43  3:38  Extractor x2  
  42  3:41  Evolution Chamber  
  42  3:44  Drone x3  
  45  3:51  Drone x4  
  45  3:55  Extractor  
  45  4:01  Roach x2  
  45  4:02  Roach  
  51  4:06  Evolution Chamber  
  52  4:10  Evolution Chamber, Roach  
  52  4:16  Roach Warren  
  51  4:23  Drone  
  53  4:34  Nydus Network  
  53  4:35  Overlord  
  52  4:38  Hatchery  
  52  4:39  Overlord  
  51  4:49  Overlord  
  51  4:56  Roach x4  
  51  4:57  Roach  
  61  5:01  Roach  
  61  5:04  Roach x2  
  67  5:08  Roach  
  67  5:12  Nydus Canal  
  69  5:14  Roach  
  69  5:15  Roach  
  69  5:20  Roach  
  75  5:40  Nydus Canal  

Tags
 
Add a new tag
Caveats
  • Supply blocks, unpowered buildings, or Contaminate may cause inaccurate times.
  • Supply counts are checked every 10 seconds.